Workbook

Sheet Ingresos
A1: Fecha | B1: Nº de factura | C1: Cliente | D1: NIF del cliente | E1: Base imponible | F1: Tipo de IVA | G1: Cuota de IVA | H1: Retención (%) | I1: Importe retenido | J1: Total
G2: =IF(E2="","",E2*F2) | I2: =IF(E2="","",E2*H2) | J2: =IF(E2="","",E2+G2-I2)
G3: =IF(E3="","",E3*F3) | I3: =IF(E3="","",E3*H3) | J3: =IF(E3="","",E3+G3-I3)
G4: =IF(E4="","",E4*F4) | I4: =IF(E4="","",E4*H4) | J4: =IF(E4="","",E4+G4-I4)
G5: =IF(E5="","",E5*F5) | I5: =IF(E5="","",E5*H5) | J5: =IF(E5="","",E5+G5-I5)
G6: =IF(E6="","",E6*F6) | I6: =IF(E6="","",E6*H6) | J6: =IF(E6="","",E6+G6-I6)
G7: =IF(E7="","",E7*F7) | I7: =IF(E7="","",E7*H7) | J7: =IF(E7="","",E7+G7-I7)
G8: =IF(E8="","",E8*F8) | I8: =IF(E8="","",E8*H8) | J8: =IF(E8="","",E8+G8-I8)
G9: =IF(E9="","",E9*F9) | I9: =IF(E9="","",E9*H9) | J9: =IF(E9="","",E9+G9-I9)
G10: =IF(E10="","",E10*F10) | I10: =IF(E10="","",E10*H10) | J10: =IF(E10="","",E10+G10-I10)
G11: =IF(E11="","",E11*F11) | I11: =IF(E11="","",E11*H11) | J11: =IF(E11="","",E11+G11-I11)
G12: =IF(E12="","",E12*F12) | I12: =IF(E12="","",E12*H12) | J12: =IF(E12="","",E12+G12-I12)
G13: =IF(E13="","",E13*F13) | I13: =IF(E13="","",E13*H13) | J13: =IF(E13="","",E13+G13-I13)
... G301: =IF(E301="","",E301*F301) | I301: =IF(E301="","",E301*H301) | J301: =IF(E301="","",E301+G301-I301)

Sheet Gastos
A1: Fecha | B1: Nº de factura | C1: Proveedor | D1: NIF del proveedor | E1: Concepto | F1: Base imponible | G1: Tipo de IVA | H1: Cuota de IVA | I1: Total | J1: ¿Deducible? (Sí/No)
H2: =IF(F2="","",F2*G2) | I2: =IF(F2="","",F2+H2)
H3: =IF(F3="","",F3*G3) | I3: =IF(F3="","",F3+H3)
H4: =IF(F4="","",F4*G4) | I4: =IF(F4="","",F4+H4)
H5: =IF(F5="","",F5*G5) | I5: =IF(F5="","",F5+H5)
H6: =IF(F6="","",F6*G6) | I6: =IF(F6="","",F6+H6)
H7: =IF(F7="","",F7*G7) | I7: =IF(F7="","",F7+H7)
H8: =IF(F8="","",F8*G8) | I8: =IF(F8="","",F8+H8)
H9: =IF(F9="","",F9*G9) | I9: =IF(F9="","",F9+H9)
H10: =IF(F10="","",F10*G10) | I10: =IF(F10="","",F10+H10)
H11: =IF(F11="","",F11*G11) | I11: =IF(F11="","",F11+H11)
H12: =IF(F12="","",F12*G12) | I12: =IF(F12="","",F12+H12)
H13: =IF(F13="","",F13*G13) | I13: =IF(F13="","",F13+H13)
... H301: =IF(F301="","",F301*G301) | I301: =IF(F301="","",F301+H301)

Sheet Resumen trimestral
A1: Ejercicio | B1: 2027
A3: Concepto | B3: 1T | C3: 2T | D3: 3T | E3: 4T | F3: Año
A4: Ingresos (base imponible) | B4: =SUMIFS(Ingresos!E:E,Ingresos!A:A,">="&DATE($B$1,1,1),Ingresos!A:A,"<"&DATE($B$1,4,1)) | C4: =SUMIFS(Ingresos!E:E,Ingresos!A:A,">="&DATE($B$1,4,1),Ingresos!A:A,"<"&DATE($B$1,7,1)) | D4: =SUMIFS(Ingresos!E:E,Ingresos!A:A,">="&DATE($B$1,7,1),Ingresos!A:A,"<"&DATE($B$1,10,1)) | E4: =SUMIFS(Ingresos!E:E,Ingresos!A:A,">="&DATE($B$1,10,1),Ingresos!A:A,"<"&DATE($B$1+1,1,1)) | F4: =SUM(B4:E4)
A5: IVA repercutido | B5: =SUMIFS(Ingresos!G:G,Ingresos!A:A,">="&DATE($B$1,1,1),Ingresos!A:A,"<"&DATE($B$1,4,1)) | C5: =SUMIFS(Ingresos!G:G,Ingresos!A:A,">="&DATE($B$1,4,1),Ingresos!A:A,"<"&DATE($B$1,7,1)) | D5: =SUMIFS(Ingresos!G:G,Ingresos!A:A,">="&DATE($B$1,7,1),Ingresos!A:A,"<"&DATE($B$1,10,1)) | E5: =SUMIFS(Ingresos!G:G,Ingresos!A:A,">="&DATE($B$1,10,1),Ingresos!A:A,"<"&DATE($B$1+1,1,1)) | F5: =SUM(B5:E5)
A6: Retenciones que te han practicado | B6: =SUMIFS(Ingresos!I:I,Ingresos!A:A,">="&DATE($B$1,1,1),Ingresos!A:A,"<"&DATE($B$1,4,1)) | C6: =SUMIFS(Ingresos!I:I,Ingresos!A:A,">="&DATE($B$1,4,1),Ingresos!A:A,"<"&DATE($B$1,7,1)) | D6: =SUMIFS(Ingresos!I:I,Ingresos!A:A,">="&DATE($B$1,7,1),Ingresos!A:A,"<"&DATE($B$1,10,1)) | E6: =SUMIFS(Ingresos!I:I,Ingresos!A:A,">="&DATE($B$1,10,1),Ingresos!A:A,"<"&DATE($B$1+1,1,1)) | F6: =SUM(B6:E6)
A7: Gastos deducibles (base imponible) | B7: =SUMIFS(Gastos!F:F,Gastos!A:A,">="&DATE($B$1,1,1),Gastos!A:A,"<"&DATE($B$1,4,1),Gastos!J:J,"Sí") | C7: =SUMIFS(Gastos!F:F,Gastos!A:A,">="&DATE($B$1,4,1),Gastos!A:A,"<"&DATE($B$1,7,1),Gastos!J:J,"Sí") | D7: =SUMIFS(Gastos!F:F,Gastos!A:A,">="&DATE($B$1,7,1),Gastos!A:A,"<"&DATE($B$1,10,1),Gastos!J:J,"Sí") | E7: =SUMIFS(Gastos!F:F,Gastos!A:A,">="&DATE($B$1,10,1),Gastos!A:A,"<"&DATE($B$1+1,1,1),Gastos!J:J,"Sí") | F7: =SUM(B7:E7)
A8: IVA soportado deducible | B8: =SUMIFS(Gastos!H:H,Gastos!A:A,">="&DATE($B$1,1,1),Gastos!A:A,"<"&DATE($B$1,4,1),Gastos!J:J,"Sí") | C8: =SUMIFS(Gastos!H:H,Gastos!A:A,">="&DATE($B$1,4,1),Gastos!A:A,"<"&DATE($B$1,7,1),Gastos!J:J,"Sí") | D8: =SUMIFS(Gastos!H:H,Gastos!A:A,">="&DATE($B$1,7,1),Gastos!A:A,"<"&DATE($B$1,10,1),Gastos!J:J,"Sí") | E8: =SUMIFS(Gastos!H:H,Gastos!A:A,">="&DATE($B$1,10,1),Gastos!A:A,"<"&DATE($B$1+1,1,1),Gastos!J:J,"Sí") | F8: =SUM(B8:E8)
A10: IVA del trimestre (orientativo, modelo 303) | B10: =B5-B8 | C10: =C5-C8 | D10: =D5-D8 | E10: =E5-E8 | F10: =F5-F8
A11: Rendimiento del trimestre (ingresos menos gastos) | B11: =B4-B7 | C11: =C4-C7 | D11: =D4-D7 | E11: =E4-E7 | F11: =F4-F7
A13: Resumen orientativo. Añade la cuota de autónomos como gasto en la hoja Gastos (sin IVA). El modelo 130 es acumulado: suma los trimestres anteriores.
